 Dungeon Crawl Stone Soup version 0.18-a0-1577-gf591c28 (webtiles) character file.

425 Tomstefer the Cudgeler (level 6, -4/57 HPs)
             Began as a Minotaur Berserker on Mar 17, 2016.
             Was a Priest of Trog.
             Slain by an ogre
             ... wielding a +0 giant club
              (7 damage)
             ... on level 5 of the Dungeon.
             The game lasted 00:05:10 (3260 turns).

Tomstefer the Cudgeler (Minotaur Berserker)         Turns: 3260, Time: 00:05:11

Health: -4/57      AC: 13    Str: 21    XL:     6   Next: 64%
Magic:  5/5        EV:  6    Int:  4    God:    Trog [***...]
Gold:   158        SH:  0    Dex: 12    Spells: 0 memorised, 5 levels left

rFire  . . .     SeeInvis .     d - +0 whip
rCold  . . .     Gourm    .     u - +0 plate armour
rNeg   . . .     Faith    .     (no shield)
rPois  .         Spirit   .     (helmet restricted)
rElec  .         Dismiss  .     w - +0 cloak
rCorr  .         Reflect  .     n - +0 pair of gloves
SustAt .         Harm     .     (no boots)
MR     .....                    (no amulet)
Stlth  ..........               (no ring)
                                (no ring)

@: exhausted, slowed, very slow, not resistant to hostile enchantments,
extremely unstealthy
A: retaliatory headbutt, horns 2
a: Berserk, Trog's Hand, Burn Spellbooks, Renounce Religion


You were on level 5 of the Dungeon.
You worshipped Trog.
Trog was most pleased with you.
You were very hungry.

You visited 1 branch of the dungeon, and saw 5 of its levels.

You collected 158 gold pieces.

Inventory:

Hand Weapons
 a - a +0 mace
 d - a +0 whip (weapon)
Armour
 n - a +0 pair of gloves (worn)
 u - a +0 plate armour (worn)
 w - a +0 cloak (worn)
Wands
 m - a wand of hasting (4/9)
Scrolls
 g - 3 scrolls of identify {unknown}
 h - 2 scrolls of teleportation {unknown}
 i - a scroll of noise {unknown}
 j - 3 scrolls of fog {unknown}
 o - 2 scrolls of immolation {unknown}
 p - 2 scrolls of random uselessness {unknown}
 s - a scroll of blinking {unknown}
Potions
 e - 2 potions of lignification {unknown}
 f - a potion of agility {unknown}
 k - a potion of invisibility {unknown}
 l - 2 potions of curing {unknown}
 q - 2 potions of degeneration {unknown}
 r - a potion of brilliance {unknown}
 t - a potion of ambrosia {unknown}
 v - a potion of flight {unknown}
 z - a potion of might {unknown}
Comestibles
 b - 2 chunks of flesh
 c - 2 bread rations
 x - 2 fruits


   Skills:
 + Level 5.9 Fighting
 * Level 7.7 Maces & Flails
 - Level 2.4 Armour
 - Level 2.1 Dodging


You had 5 spell levels left.
You didn't know any spells.

Dungeon Overview and Level Annotations

Branches:
Dungeon (5/15)             Temple (0/1) D:5

Altars:
Gozag
Makhleb
Nemelex Xobeh


Innate Abilities, Weirdness & Mutations

You reflexively headbutt those who attack you in melee.
You have a pair of horns on your head.


Message History

You hit the giant frog skeleton.
You destroy the giant frog skeleton!
The hound barely misses you.
The phantom hits you but does no damage.
You closely miss the hound. Your headbutt misses the hound.
The hound is almost dead.
The hound bites you but does no damage.
The phantom blinks!
You whack the hound!
You kill the hound!
Trog accepts your kill. The ogre barely misses you.
You feel a strong urge to attack something.
Found a ring mail.
Found a staircase to the Ecumenical Temple.
You are no longer berserk.
You are exhausted.
You feel yourself slow down.
You are feeling very hungry.
You barely miss the ogre. The ogre hits you with a giant club!
You die...

##...##
#..... ....
## ... .. #
##.###.#
#.##......#
#...<.§...#
#.##.O#.#.#
#.@# # #..#
#....[♣
#...#W.>..
....! ♣.♣.
##..... ..
##..##.
#..# .#
.... #


You could see an ogre.

Vanquished Creatures
  Sigmund (D:4)
  A hound (D:5)
  An orc priest (D:3)
  A giant frog skeleton (D:5)
  An iguana (D:4)
  An orc wizard (D:4)
  5 adders
  3 worms
  3 dart slugs
  5 giant geckos
  7 orcs
  4 ball pythons
  4 giant cockroaches
  7 goblins
  6 hobgoblins
  A jackal (D:4)
  11 kobolds
  3 quokkas
  8 bats
  A giant gecko skeleton (D:4)
  4 giant newts
  7 rats
  A plant (D:3)
86 creatures vanquished.

Notes
Turn   | Place    | Note
--------------------------------------------------------------
     0 | D:1      | Tomstefer the Minotaur Berserker began the quest for the Orb.
     0 | D:1      | Reached XP level 1. HP: 19/19 MP: 0/0
    81 | D:1      | Reached skill level 4 in Maces & Flails
   299 | D:1      | Reached XP level 2. HP: 27/27 MP: 1/1
   829 | D:2      | Found a burning altar of Makhleb.
  1066 | D:2      | Reached ** piety under Trog
  1091 | D:2      | Reached XP level 3. HP: 29/33 MP: 2/2
  1551 | D:3      | Reached skill level 5 in Maces & Flails
  1741 | D:3      | Reached XP level 4. HP: 41/41 MP: 3/3
  2331 | D:3      | Found an opulent altar of Gozag.
  2332 | D:3      | Found a sparkling altar of Nemelex Xobeh.
  2435 | D:3      | Reached skill level 5 in Fighting
  2496 | D:3      | Reached XP level 5. HP: 48/48 MP: 4/4
  2497 | D:3      | Reached skill level 6 in Maces & Flails
  2566 | D:3      | Reached *** piety under Trog
  2781 | D:4      | Noticed Sigmund
  2795 | D:4      | Killed Sigmund
  2795 | D:4      | Reached skill level 7 in Maces & Flails
  2795 | D:4      | Reached XP level 6. HP: 57/57 MP: 5/5
  3237 | D:5      | Entered Level 5 of the Dungeon
  3252 | D:5      | HP: 3/85 [ogre/giant club (17)]
  3258 | D:5      | Found a staircase to the Ecumenical Temple.
  3260 | D:5      | Slain by an ogre

Vault maps used:
D:1:      dpeg_arrival_rhombus
D:2:      old_standard_altar, hangedman_decor_push
D:3:      grunt_temple_overflow_opulence, first_bread, grunt_decor_one_mirror,
          lexackson_kobold_supper
D:4:      st_stairs_3, uniq_sigmund
D:5:      minmay_temple_entry_trees

Skill      XL: |  1  2  3  4  5 |
---------------+----------------+-----
Maces & Flails | 4 5 7 |  7.7
Fighting       | 4 5 |  5.9
Armour         | |  2.4
Dodging        | |  2.1

Action                   |  1- 3 |  4- 6 || total
-------------------------+-------+-------++-------
Melee: Whip              |    82 |   173 ||   255
       Mace              |     3 |       ||     3
Invok: Berserk           |       |     3 ||     3
       Trog's Hand       |       |     1 ||     1
  Eat: Chunk             |     3 |     6 ||     9
